Unix NetHack Version 5.0.0-0 post-release - last build Jun 10 2026 00:39:30 (3ee93aec679c4c4259841fe613dc97188e26a321,branch:main).

Game began 2026-06-26 01:53:15, ended 2026-06-29 18:12:42.

FalseGod, chaotic female elven Wizard

                                                            $  -----
  -------                                       --------       |`..|
  |.....|            $                          |.......#     #-...|
  |@C[..|                         $      #     #-......|#     #|...|
  |.T...|     ------------ #           ----- ###|...@..|#     #|.(..#
  |....`|     |.........$| #           |...| #  --------#     #--.--#
  ---.---     |..........| #           |...| #          #     ####  #
     o#      #....)......| #       ####->...##          #       #   #
      o    ###|..........| #      ##   |.[.|            #       #   # $
      #    #  |...@......-#########    |...|            #       #   #
      #    o  ------------ #           |...|            #       *#  #
    --|--  #               #           -----####@##*####################
    |"o.|  #               ##################        ##  ####    [  #--.----
    |^...##########                                  #------.----#  #......|
    |...|##                                          #|.........|)   |.^.<.|
    |...-[     $                             $       #-...*[....|#   |.....|
    |.;.|                                             |........i.# $ -------
    -----                        *        $           -----------

FalseGod the Enchantress  St:18 Dx:21 Co:16 In:20 Wi:17 Ch:13  Chaotic
Dlvl:19 $:6845 HP:0(100) Pw:187(188) AC:-4 Xp:16 T:40223  Burdened Blind

Latest messages:
 You can't see any more.
 What do you want to use or apply? [bdhopsuwG-IKNPY or ?*] a
 Sorry, I don't know how to use that.
 What do you want to use or apply? [bdhopsuwG-IKNPY or ?*] b
 You were wearing an uncursed blindfold.
 You can see again.
 You swap places with Perky Warm Hale Cool.
 There is an altar to Anhur (chaotic) here.
 There are several objects here.
 The Uruk-hai puts on a mummy wrapping.
 You have a little trouble lifting a robe.  Continue? [ynq] (q) y
 You have a little trouble lifting k - a robe.
 You learn more about your items by comparing them.
 O - an uncursed scroll of teleportation (5 in total).
 l - a violet spellbook.
 A - a spellbook of detect food.
 F - a spellbook of sleep.
 Your movements are slowed slightly because of your load.
 There are several objects here.
 The rock troll rises from the dead!
 What do you want to use or apply? [bdhlopsuwAF-IKNPY or ?*] s
 In what direction? .
 Status of FalseGod (piously chaotic):  Level 16  HP 100(100)  AC -4, fast, invisible.
 What do you want to read? [acdh-jl-nptvxyADFGIKOPU or ?*] ?
 A cloud of darkness falls upon you.
 You hear some noises.
 The rock troll hits!
 The rock troll hits!
 The rock troll bites!
 The rock troll hits!
 The rock troll hits!
 The rock troll bites!
 The rock troll hits!
 The rock troll hits!
 The rock troll bites!
 The rock troll hits!
 The rock troll hits!
 The rock troll bites!
 The rock troll hits!
 The rock troll hits!
 The rock troll bites!
 The rock troll hits!
 The rock troll hits!
 You die...
 Do you want your possessions identified? [ynq] (y) y
 Do you want to see your attributes? [ynq] (y) y
 Do you want an account of creatures vanquished? [ynaq] (y) y
 Do you want a list of species genocided? [ynq] (y) n
 Do you want to see your conduct and achievements? [ynq] (y) n
 Do you want to see the dungeon overview? [ynq] (y) n

Inventory:
 Coins    ('$')
  $ - 6845 gold pieces
 Amulets  ('"')
  r - an uncursed amulet of reflection (being worn)
  z - the blessed Eye of the Aethiopica
 Weapons  (')')
  M - the rustproof +2 Magicbane (weapon in right hand)
 Armor    ('[')
  Z - an uncursed +1 cornuthaum (being worn)
  C - a blessed +4 pair of gauntlets of dexterity (being worn)
  X - an uncursed +0 pair of water walking boots
  S - an uncursed burnt +0 shield of drain resistance (being worn)
  E - a blessed +4 cloak of magic resistance (being worn)
  f - a blessed +0 oilskin cloak
  k - an uncursed +0 robe
  g - a blessed +1 leather armor (being worn)
 Scrolls  ('?')
  i - 2 uncursed scrolls of charging
  j - 3 uncursed scrolls of create monster
  c - 3 uncursed scrolls of earth
  a - an uncursed scroll of enchant weapon
  x - an uncursed scroll of food detection
  v - 2 uncursed scrolls of genocide
  D - 2 blessed scrolls of identify
  n - 2 uncursed scrolls of light
  U - a cursed scroll of magic mapping
  m - a blessed scroll of remove curse
  y - an uncursed scroll of remove curse
  O - 5 uncursed scrolls of teleportation
  t - a cursed scroll of teleportation
 Spellbooks  ('+')
  d - an uncursed spellbook of charm monster
  A - an uncursed spellbook of detect food
  G - an uncursed spellbook of detect food
  I - an uncursed spellbook of detect treasure
  K - a blessed spellbook of finger of death
  p - an uncursed spellbook of force bolt
  h - an uncursed spellbook of knock
  P - an uncursed spellbook of levitation
  F - an uncursed spellbook of sleep
  l - a cursed spellbook of teleport away
 Rings    ('=')
  J - an uncursed +2 ring of gain constitution
  q - an uncursed ring of slow digestion (on left hand)
  B - an uncursed ring of stealth
  L - an uncursed ring of sustain ability (on right hand)
 Tools    ('(')
  Y - the Bell of Opening (0:3)
  b - an uncursed blindfold
  H - an expensive camera (0:89)
  N - a magic marker (0:6)
  w - an uncursed magic whistle named Spd + F,P,C,SRes
  o - an uncursed skeleton key
  s - an uncursed stethoscope
  u - a blessed +0 unicorn horn
 Gems/Stones  ('*')
  R - a blessed luckstone

FalseGod the Wizard's attributes:

Background:
 You were an Enchantress, a level 16 female elven Wizard.
 You were chaotic, on a mission for Anhur
 who was opposed by Ptah (lawful) and Thoth (neutral).
 You started out male.
 You were right-handed.
 You were in the Dungeons of Doom, on level 19.
 You entered the dungeon 40223 turns ago.
 There was a full moon in effect when your adventure ended.
 You had 321751 experience points, 318249 more were needed to attain level 17.

Basics:
 You had 0 out of 100 hit points.
 You had 187 out of 188 energy points (spell power).
 Your armor class was -4.
 Your wallet contained 6845 zorkmids.
 Autopickup was off.

Final Characteristics:
 Your strength was 18 (limit:18).
 Your dexterity was 21 (base:17, innate limit:18).
 Your constitution was 16 (limit:16).
 Your intelligence was 20 (limit:20).
 Your wisdom was 17 (limit:20).
 Your charisma was 13 (base:12, limit:18).

Final Status:
 You were temporarily blind.
 You weren't hungry.
 You were burdened; movement was slightly slowed.
 You were wielding a dagger.
 You had expert skill with dagger.

Final Attributes:
 You were the Glory of Arioch.
 You were piously aligned.
 You were magic-protected.
 You were fire resistant.
 You were cold resistant.
 You were sleep resistant.
 You were shock resistant.
 You were poison resistant.
 You were level-drain resistant.
 You would have seen invisible when not blind.
 You were telepathic.
 You were warned.
 You were clairvoyant.
 You had infravision.
 You were invisible to others.
 You had teleport control.
 You had slower digestion.
 You were warded.
 You took half spell damage.
 You were fast.
 You had reflection.
 You had fixed abilities.
 You were extremely lucky.
 You had extra luck.
 Good luck did not time out for you.
 You are dead.

Miscellaneous:
 You didn't encounter any bones levels.
 Total elapsed playing time was 16 hours, 31 minutes and 1 second.

Major events:
 Turn
    1: FalseGod the chaotic male elven Wizard entered the dungeon
  774: entered the Gnomish Mines
  898: attained the rank of Conjurer (level 3)
 1415: reached Mine Town
 3119: attained the rank of Thaumaturge (level 6)
 6589: entered Sokoban
 6896: completed 1st Sokoban level
 7582: completed 2nd Sokoban level
 7950: completed 3rd Sokoban level
 8920: completed 4th Sokoban level
10487: acquired the Sokoban bag of holding
10604: attained the rank of Magician (level 10)
18566: performed her first genocide (xorns)
19584: was bestowed with Magicbane by Anhur
22214: acquired the Mines' End luckstone
22254: just blew up her bag of holding
23510: was bestowed with Dragonbane by Anhur
26627: entered Home 1, the Quest
31199: attained the rank of Enchantress (level 14)
33130: killed Medusa
35326: was chosen to take lives for the Glory of Anhur
35326: was bestowed with spellbook of finger of death
36348: Neferet the Green has granted access to proceed deeper into the quest
36615: entered Home 2, the Quest
36837: entered Home 3, the Quest
37588: entered Home 4, the Quest
37778: entered Home 5, the Quest
38126: entered Home 6, the Quest
38472: killed the Dark One
38475: found the Eye of the Aethiopica on the floor
38475: acquired the Bell of Opening
40223: killed by a rock troll, while reading a book

Spells:
 Name                 Level Category     Fail Retention
 force bolt             1   attack         0%    (gone)
 magic missile          2   attack         0%    (gone)
 chain lightning        2   attack         0%    (gone)
 confuse monster        1   enchantment    0%    (gone)
 create monster         2   clerical       0%    (gone)
 detect food            2   divination     0%    (gone)
 light                  1   divination     0%    (gone)
 turn undead            6   clerical     100%    (gone)
 detect unseen          3   divination     0%   21%-25%
 jumping                1   escape         0%    (gone)
 cause fear             3   enchantment    0%    (gone)
 levitation             4   escape        79%   26%-50%
 knock                  1   matter         0%   26%-50%
 detect treasure        4   divination     0%   36%-40%
 dig                    5   matter        98%   51%-75%
 finger of death        7   attack         0%   81%-82%
 charm monster          5   enchantment   66%  91%-100%

Skills:
 Fighting Skills
   bare handed combat [Unskilled]
   riding             [Unskilled]
 Weapon Skills
   dagger             [Expert]
   knife              [Unskilled]
   axe                [Unskilled]
   short sword        [Unskilled]
   broadsword         [Unskilled]
   club               [Unskilled]
   mace               [Unskilled]
   quarterstaff       [Skilled]
   polearms           [Unskilled]
   spear              [Unskilled]
   trident            [Unskilled]
   sling              [Unskilled]
   dart               [Unskilled]
   shuriken           [Unskilled]
 Spellcasting Skills
   attack spells      [Expert]
   healing spells     [Unskilled]
   divination spells  [Skilled]
   enchantment spells [Basic]
   clerical spells    [Unskilled]
   escape spells      [Unskilled]
   matter spells      [Unskilled]

Voluntary challenges:
 Character rerolling was not enabled.
 You genocided 1 type of monster.
 You never polymorphed an object.
 You never changed form.
 You used no wishes.
 You violated the special Sokoban rules once.
Achievements:
 You entered the Gnomish Mines.
 You attained the rank of Conjurer.
 You entered Minetown.
 You entered a shop.
 You attained the rank of Thaumaturge.
 You entered Sokoban.
 You completed Sokoban.
 You attained the rank of Magician.
 You entered a temple.
 You completed the Gnomish Mines.
 You attained the rank of Enchantress.
 You defeated Medusa.
 You had the Bell of Opening.

 The Dungeons of Doom: levels 1 to 26
    Level 1: "vault"
    Level 2: "vault"
    Level 3:
       Stairs down to The Gnomish Mines.
    Level 4: "shop + spellbooks left in orctown"
       A general store, some fountains.
    Level 5: "potion store"
       A fountain.
    Level 6: "spbk light + tund"
       Many fountains.
       Oracle of Delphi.
    Level 7: "throne room + spbk detect unseen"
       A fountain.
       Stairs up to Sokoban, level 6.
    Level 8: "throne + BoT"
       A fountain.
    Level 9:
       A fountain.
    Level 10: "vault"
       A temple and an altar.
    Level 11: "vault"
       Some fountains.
    Level 12:
       A fountain, a sink.
    Level 13: "Shield of Reflection"
       A fountain.
       Portal to The Quest.
    Level 14:
    Level 15:
       A fountain.
    Level 16:
    Level 17:
    Level 18:
       A primitive area.
    Level 19: <- You were here.
       A temple and an altar to Anhur.
       Final resting place for
          you, killed by a rock troll, while reading a book.
    Level 20:
       A fountain.
    Level 21:
    Level 22:
    Level 23:
       Some fountains, many trees.
    Level 24: "stash!!"
       A fountain.
    Level 25:
       An altar to Anhur, many graves.
    Level 26:
 The Gnomish Mines: levels 4 to 11
    Level 4:
    Level 5:
    Level 6:
       An altar to Anhur, a fountain.
    Level 7:
    Level 8:
    Level 9:
    Level 10:
    Level 11:
 The Quest: levels 1 to 6
    Level 1:
       A throne.
       Completed quest for Neferet the Green.
    Level 2:
    Level 3:
    Level 4:
    Level 5:
    Level 6:
       A temple and an altar.
 Sokoban: levels 6 up to 3
    Level 3:
       Solved.
    Level 4:
       Solved.
    Level 5:
       Solved.
    Level 6: "spellbooks"
       Solved.


Vanquished creatures:
    Medusa
  a gray dragon
  a yellow dragon
the Dark One
  a stone golem
  4 Olog-hai
  a Nazgul
  a hell hound
  4 displacer beasts
  3 titanotheres
  a trapper
  2 baby yellow dragons
  2 vampire leaders
 an aligned cleric
  a clay golem
 an ettin
  2 vampires
  3 lieutenants
  5 ghosts
  a rogue
  2 queen bees
  3 giant mimics
  2 long worms
  4 fire giants
 an ogre tyrant
  3 ice trolls
  a rock troll
 an umber hulk
  a flesh golem
  2 elven monarchs
  a hezrou
  3 large mimics
  a wumpus
  4 couatls
  8 stalkers
 an earth elemental
  a hill giant
  4 giant mummies
  4 black nagas
  2 giant zombies
 an elf-noble
  6 sergeants
  a vrock
  a warg
  3 winter wolves
  4 small mimics
  2 warhorses
  4 xans
 an ogre leader
  2 quantum mechanics
  7 trolls
  a sasquatch
  a wood golem
  a djinni
  2 gelatinous cubes
  a large dog
  8 freezing spheres
  2 flaming spheres
  2 large cats
  5 tigers
  2 gargoyles
  2 dwarf rulers
 10 tengu
  3 ochre jellies
  3 leocrottas
 an energy vortex
  a mountain centaur
  5 stone giants
 an elf mummy
  2 human mummies
  a red naga
  3 pythons
  4 pit vipers
  4 cobras
 17 wraiths
  3 carnivorous apes
  4 ettin zombies
  3 leather golems
  a Grey-elf
 10 soldiers
 an amorous demon
  4 chameleons
  3 giant beetles
  4 quivering blobs
 10 cockatrices
  4 wolves
 11 winter wolf cubs
  a lynx
  2 panthers
  a spotted jelly
  3 leprechauns
 13 orc-captains
  2 iron piercers
  4 mumakil
 22 giant spiders
  a scorpion
  4 horses
  3 ice vortices
  5 black lights
 70 vampire bats
  6 gnome rulers
  4 orc mummies
  a dwarf mummy
  a brown pudding
  4 rust monsters
 10 owlbears
  5 yetis
  5 gold golems
  2 werewolves
  a Green-elf
  4 giant eels
 13 lizards
  4 chickatrices
  a dingo
  3 dogs
  a housecat
  a jaguar
  2 dwarf leaders
  3 blue jellies
  a white unicorn
  a gray unicorn
  2 dust vortices
 16 ravens
  2 plains centaurs
  a gnome mummy
  7 snakes
 15 apes
  a human zombie
 34 soldier ants
  a fire ant
 23 bugbears
  5 imps
  2 lemures
  a quasit
  2 wood nymphs
  4 water nymphs
  4 mountain nymphs
  8 Mordor orcs
 17 Uruk-hai
  7 orc shamans
  7 rock piercers
  3 rock moles
  5 ponies
  5 fog clouds
  6 yellow lights
  3 shriekers
  5 violet fungi
 28 gnome leaders
  6 gnomish wizards
  a kobold mummy
  4 black naga hatchlings
  a guardian naga hatchling
  7 gray oozes
  6 barrow wights
  4 elf zombies
  5 ghouls
  a straw golem
  a paper golem
  2 jellyfish
 11 giant ants
  3 little dogs
 10 floating eyes
  a kitten
 20 dwarves
  9 homunculi
  2 kobold leaders
  3 kobold shamans
 44 hill orcs
 18 rothes
  3 rabid rats
  2 centipedes
  9 giant bats
  2 monkeys
  2 orc zombies
  5 dwarf zombies
  2 wererats
  7 iguanas
 72 killer bees
  4 acid blobs
  7 coyotes
  3 gas spores
 11 hobbits
 27 manes
  a large kobold
 20 hobgoblins
  4 orcs
  9 giant rats
  7 cave spiders
  a brown mold
  2 yellow molds
  a green mold
 70 gnomes
 38 garter snakes
  4 gnome zombies
 11 geckos
 21 jackals
  3 foxes
  3 kobolds
  7 goblins
  6 sewer rats
  9 grid bugs
  5 bats
  7 lichens
  5 kobold zombies
 15 newts
1240 creatures vanquished.

Genocided species:
 xorns
1 species genocided.

Game over:
                       ----------
                      /          \
                     /    REST    \
                    /      IN      \
                   /     PEACE      \
                  /                  \
                  |     FalseGod     |
                  |     6845 Au      |
                  | killed by a rock |
                  |      troll       |
                  |                  |
                  |                  |
                  |       2026       |
                 *|     *  *  *      | *
        _________)/\\_//(\/(/\)/\//\/|_)_______

Goodbye FalseGod the Wizard...

You died in The Dungeons of Doom on dungeon level 19 with 264661 points,
and 6845 pieces of gold, after 40223 moves.
You were level 16 with a maximum of 100 hit points when you died.

